 Dungeon Crawl Stone Soup version 0.29.0-4-gdea44cf6ec (webtiles) character file.

Game seed: 9912393148022635179

4102 qw the Grappler (level 10, -2/96 HPs)
             Began as a Troll Cinder Acolyte on Sept 1, 2022.
             Was a Believer of Ignis.
             Shot with an arrow by a centaur (6 damage)
             ... on level 9 of the Dungeon.
             The game lasted 00:03:23 (6477 turns).

qw the Grappler (Troll Cinder Acolyte)              Turns: 6477, Time: 00:03:24

Health: -2/96      AC: 14    Str: 32    XL:     10   Next: 6%
Magic:  0/10       EV: 10    Int: 10    God:    Ignis [**....]
Gold:   472        SH:  0    Dex:  5    Spells: 11/11 levels left

rFire   + + .      SeeInvis +     - Unarmed
rCold   + . .      Faith    .   (no shield)
rNeg    . . .      Spirit   +   e - +2 robe {rC+}
rPois   .          Reflect  .   j - +1 hat "Wiuwn" {Rampage rF+ Str+4 Stlth+}
rElec   +          Harm     .   (no cloak)
rCorr   .          Rampage  +   (gloves unavailable)
Will    .....                   (boots unavailable)
Stlth   ++........              b - amulet "Beymuiwn" {Spirit rElec Slay+5}
HPRegen 1.06/turn               a - ring of see invisible
MPRegen 0.12/turn               (no ring)

@: lethally poisoned (-2 -> -3), about to teleport, fiery-armoured
A: large, unfitting armour, claws 3, regeneration 1, shaggy fur 1, tough skin 1
a: Renounce Religion, Fiery Armour, Foxfire Swarm, Rising Flame


You were on level 9 of the Dungeon.
You worshipped Ignis.
Ignis was pleased with you.
You visited 1 branch of the dungeon, and saw 9 of its levels.

You collected 472 gold pieces.


Innate Abilities, Weirdness & Mutations

You are too large for most types of armour.
You have claws for hands.
Your natural rate of healing is unusually fast.
You are covered in fur. (AC +1)
You have tough skin. (AC +1)


   Skills:
 - Level 5.1 Fighting
 - Level 2.0 Throwing
 - Level 4.1 Dodging
 + Level 12.5 Unarmed Combat
 - Level 1.0 Spellcasting
 - Level 2.1 Fire Magic


You had 11 spell levels left.
You didn't know any spells.
Your spell library contained the following spells:

 Spells                   Type           Power      Damage    Failure   Level
 Scorch                   Fire           8%         2d5       22%         2

Inventory:

Missiles
 k - 3 boomerangs
 l - a silver boomerang (quivered)
Armour
 e - a +2 robe of cold resistance (worn)
 j - the +1 hat "Wiuwn" (worn) {Rampage rF+ Str+4 Stlth+}
   (You acquired it on level 2 of the Dungeon)

   Str:       It affects your strength (+4).
   rF:        It protects you from fire.
   Rampage:   It bestows one free step when moving towards enemies.
   Stlth:     It makes you more stealthy.
Jewellery
 a - a ring of see invisible (left claw)
 b - the amulet "Beymuiwn" (around neck) {Spirit rElec Slay+5}
   (You acquired it on level 2 of the Dungeon)

   [amulet of guardian spirit]

   It causes incoming damage to be divided between your reserves of health and
   magic.
   Slay:      It affects your accuracy & damage with ranged weapons and melee
   (+5).
   rElec:     It insulates you from electricity.
Wands
 c - a wand of digging (4)
Scrolls
 d - 2 scrolls of teleportation
 i - 4 scrolls of enchant armour
 n - 4 scrolls of identify
Potions
 f - 3 potions of curing
 g - a potion of might {unknown}
 m - a potion of cancellation
 p - a potion of mutation

Dungeon Overview and Level Annotations

Branches:
Dungeon (9/15)             Temple (0/1) D:5
   Lair: D:8-11         Orc: D:9-12

Altars:
Fedhas
Makhleb
Nemelex Xobeh
Sif Muna
Vehumet
Wu Jian
Xom
Zin
The Shining One


Message History

The orc warrior barely misses you.
Things that are here:
a +0 short sword; an orc corpse
6475 ||| READING 3 scrolls of teleportation.
As you read the scroll of teleportation, it crumbles to dust.
You feel strangely unstable.
The centaur shouts!
The centaur wields a +0 shortbow.
The centaur shoots an arrow.
The arrow barely misses you. The yak gores you.
The yak is burned by your cloak of flames.
The yak is lightly wounded.
A kobold comes into view. It is wielding a +0 whip.
The orc warrior hits you with a +0 dire flail!
The orc warrior is burned by your cloak of flames.
The orc warrior is lightly wounded.
6476 ||| Stepping ~*~*~tactically~*~*~ (outnumbered).
The kobold brigand attacks as you move away!
The kobold brigand hits you but does no damage.
The kobold brigand is burned by your cloak of flames.
The kobold brigand is lightly wounded.
The yak attacks as you move away! The yak gores you but does no damage.
The yak is burned by your cloak of flames.
The yak is moderately wounded.
The centaur shoots an arrow.
The arrow hits you but does no damage.
The kobold brigand throws a poisoned dart.
The poisoned dart hits you!
You are poisoned.
The orc hits you but does no damage.
The orc is burned by your cloak of flames.
The orc is severely wounded.
6477 ||| Stepping ~*~*~tactically~*~*~ (outnumbered).
The orc warrior attacks as you move away!
The orc warrior hits you but does no damage.
The orc warrior is burned by your cloak of flames.
The orc warrior is lightly wounded.
The orc attacks as you move away! The orc barely misses you.
You feel sick.
The centaur shoots an arrow.
The arrow hits you but does no damage.
The centaur shoots an arrow.
The arrow hits you.
You die...

.....o......# ...##
........o...##.....
......oo.........###
....K...##o...$.....
##....##..$.....).
.##....ooY.........
........)KYoo.......
...##....Ko.........
. #....K).@...###
#..).)......# #######
##....)......#
#....#.
.............#
#....#.
..............#
#....#.
.....c........#
#....#.
...####.......#
#....#. ..
#.......#######....#.
#######............#.


You could see 2 yaks, an orc warrior, a kobold brigand, a centaur, 2 orc
priests, 4 orcs and 2 kobolds.

Vanquished Creatures
  Pikel (D:5)
  Grinder (D:3)
  A wyvern (D:8)
  2 vampire mosquitoes (D:8)
  2 yaks (D:9)
  A water moccasin (D:7)
  3 orc warriors
  A sky beast (D:7)
  An ogre (D:6)
  A centaur (D:8)
  A phantom (D:6)
  3 kobold brigands
  2 bullfrogs
  Blork the orc (D:5)
  2 necrophages
  3 scorpions
  4 wights (D:7)
  5 killer bees
  A crimson imp (D:8)
  2 hounds
  A jelly (D:6)
  6 orc priests
  3 iguanas
  9 orc wizards
  12 gnolls
  9 adders
  2 shadow imps
  2 white imps
  5 ufetubi
  5 dart slugs
  18 orcs
  4 bats
  10 endoplasms
  3 giant cockroaches
  5 goblins
  6 hobgoblins
  8 jackals
  A quokka (D:1)
  4 ball pythons
  18 kobolds
169 creatures vanquished.

Notes
Turn   | Place    | Note
-------+----------+-------------------------------------------
     0 | D:1      | qw the Troll Cinder Acolyte began the quest for the Orb.
     0 | D:1      | Reached XP level 1. HP: 22/22 MP: 1/1
     0 | D:1      | 0 ||| qw: Version: 0.1-a-97-g2dd2ca4
     0 | D:1      | 0 ||| qw: Game counter: 4833
     0 | D:1      | 0 ||| qw: Always use a shield: true
     0 | D:1      | 0 ||| qw: God list: Okawaru
     0 | D:1      | 0 ||| qw: Allow faded altars: false
     0 | D:1      | 0 ||| qw: Do Orc after D:15 true
     0 | D:1      | 0 ||| qw: Do second Lair branch before Depths: true
     0 | D:1      | 0 ||| qw: Lair rune preference: random
     0 | D:1      | 0 ||| qw: Plans: Normal
     0 | D:1      | 0 ||| PLANNING D:1-11
     6 | D:1      | 6 ||| Stepping ~*~*~tactically~*~*~ (stealth).
    70 | D:1      | Reached XP level 2. HP: 29/29 MP: 2/2
   188 | D:1      | 188 ||| Stepping ~*~*~tactically~*~*~ (stealth).
   201 | D:1      | Reached skill level 4 in Unarmed Combat
   205 | D:1      | You fall into a shaft and drop 1 floor!
   206 | D:2      | 206 ||| READING 2 scrolls labelled ICYTAF ZECHE.
   206 | D:2      | Identified 2 scrolls of acquirement
   206 | D:2      | 206 ||| ACQUIRING amulet "Beymuiwn" {Spirit rElec Slay+5}
   206 | D:2      | Acquired the amulet "Beymuiwn" {Spirit rElec Slay+5}
   208 | D:2      | 208 ||| UPGRADING to amulet "Beymuiwn" {Spirit rElec
                  | Slay+5}.
   213 | D:2      | 213 ||| READING scroll of acquirement.
   213 | D:2      | 213 ||| ACQUIRING +1 hat of Guvyoh Keid {Int+3}
   213 | D:2      | Acquired the +1 hat of Guvyoh Keid {Int+3}
   215 | D:2      | 215 ||| UPGRADING to +1 hat of Guvyoh Keid {Int+3}.
   443 | D:1      | Reached XP level 3. HP: 36/36 MP: 3/3
   458 | D:1      | Found a faded altar of an unknown god.
   460 | D:1      | 460 ||| Stepping ~*~*~tactically~*~*~ (stealth).
   470 | D:1      | 470 ||| Stepping ~*~*~tactically~*~*~ (stealth).
   473 | D:1      | 473 ||| Stepping ~*~*~tactically~*~*~ (stealth).
   476 | D:1      | 476 ||| Stepping ~*~*~tactically~*~*~ (stealth).
   481 | D:1      | 481 ||| Stepping ~*~*~tactically~*~*~ (stealth).
   748 | D:1      | 748 ||| READING 2 scrolls labelled CISUDD LASCHOL.
   749 | D:1      | 749 ||| READING scroll labelled AREUDEPPOMNE.
   750 | D:1      | 750 ||| DRINKING 3 smoky golden potions.
   751 | D:1      | 751 ||| DROPPING scroll of blinking.
   835 | D:2      | 835 ||| Stepping ~*~*~tactically~*~*~ (outnumbered).
   836 | D:2      | 836 ||| Stepping ~*~*~tactically~*~*~ (outnumbered).
   837 | D:2      | 837 ||| Stepping ~*~*~tactically~*~*~ (outnumbered).
   838 | D:2      | 838 ||| Stepping ~*~*~tactically~*~*~ (outnumbered).
   839 | D:2      | 839 ||| Stepping ~*~*~tactically~*~*~ (outnumbered).
   840 | D:2      | 840 ||| Stepping ~*~*~tactically~*~*~ (outnumbered).
   841 | D:2      | 841 ||| Stepping ~*~*~tactically~*~*~ (outnumbered).
   842 | D:2      | 842 ||| Stepping ~*~*~tactically~*~*~ (outnumbered).
   843 | D:2      | 843 ||| Stepping ~*~*~tactically~*~*~ (outnumbered).
   844 | D:2      | 844 ||| Stepping ~*~*~tactically~*~*~ (outnumbered).
   845 | D:2      | 845 ||| Stepping ~*~*~tactically~*~*~ (outnumbered).
   846 | D:2      | 846 ||| Stepping ~*~*~tactically~*~*~ (outnumbered).
   847 | D:2      | 847 ||| Stepping ~*~*~tactically~*~*~ (outnumbered).
   848 | D:2      | 848 ||| Stepping ~*~*~tactically~*~*~ (outnumbered).
   849 | D:2      | 849 ||| Stepping ~*~*~tactically~*~*~ (outnumbered).
   850 | D:2      | 850 ||| Stepping ~*~*~tactically~*~*~ (outnumbered).
   851 | D:2      | 851 ||| Stepping ~*~*~tactically~*~*~ (outnumbered).
   852 | D:2      | 852 ||| Stepping ~*~*~tactically~*~*~ (outnumbered).
   853 | D:2      | 853 ||| Stepping ~*~*~tactically~*~*~ (outnumbered).
   854 | D:2      | 854 ||| Stepping ~*~*~tactically~*~*~ (outnumbered).
   855 | D:2      | 855 ||| Stepping ~*~*~tactically~*~*~ (outnumbered).
   856 | D:2      | 856 ||| Stepping ~*~*~tactically~*~*~ (outnumbered).
   857 | D:2      | 857 ||| Stepping ~*~*~tactically~*~*~ (outnumbered).
   858 | D:2      | 858 ||| Stepping ~*~*~tactically~*~*~ (outnumbered).
   859 | D:2      | 859 ||| Stepping ~*~*~tactically~*~*~ (outnumbered).
   860 | D:2      | 860 ||| Stepping ~*~*~tactically~*~*~ (outnumbered).
   861 | D:2      | 861 ||| Stepping ~*~*~tactically~*~*~ (outnumbered).
   862 | D:2      | 862 ||| Stepping ~*~*~tactically~*~*~ (outnumbered).
   863 | D:2      | 863 ||| Stepping ~*~*~tactically~*~*~ (outnumbered).
   864 | D:2      | 864 ||| Stepping ~*~*~tactically~*~*~ (outnumbered).
   865 | D:2      | 865 ||| Stepping ~*~*~tactically~*~*~ (outnumbered).
   866 | D:2      | 866 ||| Stepping ~*~*~tactically~*~*~ (outnumbered).
   868 | D:2      | 868 ||| Stepping ~*~*~tactically~*~*~ (outnumbered).
   869 | D:2      | 869 ||| Stepping ~*~*~tactically~*~*~ (outnumbered).
   917 | D:2      | Found a shimmering altar of Xom.
   933 | D:2      | Reached XP level 4. HP: 44/44 MP: 4/4
   941 | D:2      | Reached skill level 5 in Unarmed Combat
   965 | D:2      | 965 ||| INVOKING Fiery Armour.
   970 | D:2      | 970 ||| Stepping ~*~*~tactically~*~*~ (outnumbered).
   971 | D:2      | 971 ||| Stepping ~*~*~tactically~*~*~ (outnumbered).
   972 | D:2      | 972 ||| Stepping ~*~*~tactically~*~*~ (outnumbered).
  1149 | D:2      | 1149 ||| READING scroll of acquirement.
  1149 | D:2      | 1149 ||| ACQUIRING +1 hat "Wiuwn" {Rampage rF+ Str+4
                  | Stlth+}
  1149 | D:2      | Acquired the +1 hat "Wiuwn" {Rampage rF+ Str+4 Stlth+}
  1151 | D:2      | 1151 ||| UPGRADING to +1 hat "Wiuwn" {Rampage rF+ Str+4
                  | Stlth+}.
  1161 | D:2      | 1161 ||| DROPPING +1 hat of Guvyoh Keid {Int+3}.
  1304 | D:2      | 1304 ||| READING 3 scrolls labelled EQUAVV BIRO.
  1305 | D:2      | 1305 ||| READING 4 scrolls labelled RAFOUX BUCRILY.
  1306 | D:2      | 1306 ||| READING scroll labelled BOBBEPH SETHOT.
  1307 | D:2      | 1307 ||| DRINKING 2 dark potions.
  1308 | D:2      | 1308 ||| DROPPING potion of attraction.
  1309 | D:2      | 1309 ||| DROPPING 2 scrolls of magic mapping.
  1351 | D:3      | 1351 ||| Stepping ~*~*~tactically~*~*~ (stealth).
  1353 | D:3      | 1353 ||| Stepping ~*~*~tactically~*~*~ (stealth).
  1355 | D:3      | 1355 ||| Stepping ~*~*~tactically~*~*~ (stealth).
  1357 | D:3      | 1357 ||| Stepping ~*~*~tactically~*~*~ (stealth).
  1359 | D:3      | 1359 ||| Stepping ~*~*~tactically~*~*~ (stealth).
  1451 | D:3      | 1451 ||| Stepping ~*~*~tactically~*~*~ (stealth).
  1455 | D:3      | 1455 ||| Stepping ~*~*~tactically~*~*~ (outnumbered).
  1462 | D:3      | Reached XP level 5. HP: 40/50 MP: 5/5
  1542 | D:3      | 1542 ||| Stepping ~*~*~tactically~*~*~ (hiding).
  1543 | D:3      | 1543 ||| Stepping ~*~*~tactically~*~*~ (hiding).
  1545 | D:3      | 1545 ||| INVOKING Fiery Armour.
  1551 | D:3      | Reached skill level 6 in Unarmed Combat
  1689 | D:3      | Noticed Grinder
  1690 | D:3      | 1690 ||| Stepping ~*~*~tactically~*~*~ (hiding).
  1792 | D:3      | 1792 ||| Stepping ~*~*~tactically~*~*~ (hiding).
  1796 | D:3      | Paralysed by Grinder for 2 turns
  1805 | D:3      | 1805 ||| INVOKING Fiery Armour.
  1806 | D:3      | Killed Grinder
  1807 | D:3      | Reached skill level 7 in Unarmed Combat
  1807 | D:3      | Reached XP level 6. HP: 30/59 MP: 2/6
  1905 | D:3      | 1905 ||| Stepping ~*~*~tactically~*~*~ (hiding).
  2222 | D:3      | 2222 ||| READING scroll labelled ASAIVIQOYTS.
  2223 | D:3      | 2223 ||| READING scroll labelled RAIGUST IPSYA.
  2224 | D:3      | 2224 ||| READING scroll labelled LOZEHI EGAYSHI.
  2312 | D:4      | 2312 ||| Stepping ~*~*~tactically~*~*~ (stealth).
  2317 | D:4      | Reached skill level 1 in Throwing
  2499 | D:4      | 2499 ||| Stepping ~*~*~tactically~*~*~ (stealth).
  2618 | D:4      | Reached XP level 7. HP: 66/66 MP: 7/7
  2665 | D:4      | Reached skill level 8 in Unarmed Combat
  2859 | D:4      | 2859 ||| DROPPING +6 ring of intelligence.
  2860 | D:4      | 2860 ||| READING scroll labelled JEUMAC POMIBB.
  2861 | D:4      | 2861 ||| DRINKING 2 yellow potions.
  2862 | D:4      | 2862 ||| DRINKING 2 grey potions.
  2863 | D:4      | 2863 ||| DROPPING potion of brilliance.
  2864 | D:4      | 2864 ||| DROPPING potion of flight.
  2876 | D:5      | Entered Level 5 of the Dungeon
  2881 | D:5      | 2881 ||| Stepping ~*~*~tactically~*~*~ (stealth).
  2894 | D:5      | 2894 ||| Stepping ~*~*~tactically~*~*~ (hiding).
  2900 | D:5      | Reached skill level 3 in Fighting
  2979 | D:5      | 2979 ||| FLEEEEING.
  2991 | D:5      | Noticed Blork the orc
  2995 | D:5      | Killed Blork the orc
  3068 | D:5      | 3068 ||| Stepping ~*~*~tactically~*~*~ (hiding).
  3218 | D:5      | Reached skill level 9 in Unarmed Combat
  3264 | D:5      | 3264 ||| Stepping ~*~*~tactically~*~*~ (hiding).
  3270 | D:5      | Noticed Pikel
  3272 | D:5      | 3272 ||| Stepping ~*~*~tactically~*~*~ (stealth).
  3273 | D:5      | 3273 ||| Stepping ~*~*~tactically~*~*~ (stealth).
  3275 | D:5      | 3275 ||| Stepping ~*~*~tactically~*~*~ (stealth).
  3277 | D:5      | 3277 ||| Stepping ~*~*~tactically~*~*~ (stealth).
  3278 | D:5      | 3278 ||| Stepping ~*~*~tactically~*~*~ (stealth).
  3281 | D:5      | 3281 ||| Stepping ~*~*~tactically~*~*~ (stealth).
  3283 | D:5      | 3283 ||| Stepping ~*~*~tactically~*~*~ (stealth).
  3291 | D:5      | 3291 ||| INVOKING Fiery Armour.
  3293 | D:5      | Killed Pikel
  3294 | D:5      | Reached XP level 8. HP: 31/75 MP: 3/8
  3296 | D:5      | 3296 ||| FLEEEEING.
  3297 | D:5      | 3297 ||| FLEEEEING.
  3298 | D:5      | 3298 ||| FLEEEEING.
  3300 | D:5      | 3300 ||| FLEEEEING.
  3301 | D:5      | 3301 ||| FLEEEEING.
  3302 | D:5      | 3302 ||| FLEEEEING.
  3303 | D:5      | 3303 ||| FLEEEEING.
  3304 | D:5      | 3304 ||| FLEEEEING.
  3305 | D:5      | 3305 ||| FLEEEEING.
  3306 | D:5      | 3306 ||| FLEEEEING.
  3307 | D:5      | 3307 ||| FLEEEEING.
  3308 | D:5      | 3308 ||| FLEEEEING.
  3309 | D:5      | 3309 ||| FLEEEEING.
  3311 | D:5      | 3311 ||| FLEEEEING.
  3312 | D:5      | 3312 ||| FLEEEEING.
  3313 | D:5      | 3313 ||| FLEEEEING.
  3315 | D:5      | 3315 ||| STAIRDANCE
  3337 | D:4      | 3337 ||| DRINKING 2 glowing emerald potions.
  3338 | D:4      | 3338 ||| DRINKING 2 bubbling ruby potions.
  3339 | D:4      | 3339 ||| READING 2 scrolls of identify.
  3339 | D:4      | 3339 ||| IDENTIFYING metallic ruby potion
  3340 | D:4      | 3340 ||| DROPPING potion of lignification.
  3341 | D:4      | 3341 ||| DROPPING potion of invisibility.
  3456 | D:5      | Found a staircase to the Ecumenical Temple.
  3541 | D:5      | 3541 ||| UPGRADING to +2 robe of cold resistance.
  3551 | D:5      | 3551 ||| DROPPING +0 robe.
  3552 | D:5      | 3552 ||| READING 2 scrolls of identify.
  3552 | D:5      | 3552 ||| IDENTIFYING murky sapphire potion
  3553 | D:5      | 3553 ||| DROPPING potion of degeneration.
  3563 | D:6      | 3563 ||| PLANNING SEWER
  3726 | D:6      | 3726 ||| FLEEEEING.
  3763 | D:6      | 3763 ||| Stepping ~*~*~tactically~*~*~ (stealth).
  3792 | D:6      | Reached skill level 10 in Unarmed Combat
  3849 | D:6      | 3849 ||| Stepping ~*~*~tactically~*~*~ (stealth).
  3857 | D:6      | 3857 ||| Stepping ~*~*~tactically~*~*~ (stealth).
  3908 | D:6      | 3908 ||| Stepping ~*~*~tactically~*~*~ (stealth).
  3910 | D:6      | 3910 ||| Stepping ~*~*~tactically~*~*~ (stealth).
  3915 | D:6      | 3915 ||| Stepping ~*~*~tactically~*~*~ (stealth).
  3919 | D:6      | 3919 ||| Stepping ~*~*~tactically~*~*~ (stealth).
  3922 | D:6      | 3922 ||| INVOKING Fiery Armour.
  3924 | D:6      | 3924 ||| Stepping ~*~*~tactically~*~*~ (outnumbered).
  3926 | D:6      | 3926 ||| FLEEEEING.
  3927 | D:6      | 3927 ||| FLEEEEING.
  3928 | D:6      | 3928 ||| FLEEEEING.
  3929 | D:6      | 3929 ||| STAIRDANCE
  3955 | D:5      | 3955 ||| READING scroll labelled DIVVOCRETER.
  4056 | D:5      | 4056 ||| READING scroll labelled NAQAGEWNERCH.
  4057 | D:5      | 4057 ||| READING 2 scrolls of identify.
  4057 | D:5      | 4057 ||| IDENTIFYING amethyst potion
  4288 | D:6      | 4288 ||| RIP SEWER
  4314 | D:6      | 4314 ||| PLANNING D:1-11
  4322 | D:6      | Reached XP level 9. HP: 69/84 MP: 6/9
  4352 | D:6      | Found a shimmering blue altar of Sif Muna.
  4428 | D:6      | Found a glowing silver altar of Zin.
  4428 | D:6      | Found an ornate altar of the Wu Jian Council.
  4592 | D:6      | 4592 ||| READING 3 scrolls of identify.
  4592 | D:6      | 4592 ||| IDENTIFYING coppery potion
  4655 | D:6      | 4655 ||| READING 4 scrolls of teleportation.
  4656 | D:6      | 4656 ||| STAIRDANCE
  4827 | D:7      | 4827 ||| Stepping ~*~*~tactically~*~*~ (stealth).
  4833 | D:7      | Identified the +3 buckler of Vocerre {rF- Str+7}
  5103 | D:7      | 5103 ||| Stepping ~*~*~tactically~*~*~ (stealth).
  5115 | D:7      | 5115 ||| Stepping ~*~*~tactically~*~*~ (stealth).
  5123 | D:7      | Reached skill level 11 in Unarmed Combat
  5126 | D:7      | 5126 ||| Stepping ~*~*~tactically~*~*~ (stealth).
  5127 | D:7      | 5127 ||| Stepping ~*~*~tactically~*~*~ (stealth).
  5128 | D:7      | 5128 ||| Stepping ~*~*~tactically~*~*~ (stealth).
  5131 | D:7      | 5131 ||| Stepping ~*~*~tactically~*~*~ (stealth).
  5133 | D:7      | 5133 ||| Stepping ~*~*~tactically~*~*~ (stealth).
  5212 | D:7      | 5212 ||| Stepping ~*~*~tactically~*~*~ (hiding).
  5406 | D:7      | 5406 ||| READING scroll labelled XOLARA OQUCA.
  5450 | D:6      | Found a sparkling altar of Nemelex Xobeh.
  5450 | D:6      | Found a shimmering altar of Xom.
  5450 | D:6      | Found a glowing golden altar of the Shining One.
  5475 | D:8      | 5475 ||| INVOKING Fiery Armour.
  5476 | D:8      | 5476 ||| Stepping ~*~*~tactically~*~*~ (hiding).
  5477 | D:8      | 5477 ||| Stepping ~*~*~tactically~*~*~ (hiding).
  5490 | D:8      | 5490 ||| Stepping ~*~*~tactically~*~*~ (stealth).
  5491 | D:8      | 5491 ||| Stepping ~*~*~tactically~*~*~ (stealth).
  5493 | D:8      | 5493 ||| Stepping ~*~*~tactically~*~*~ (stealth).
  5495 | D:8      | 5495 ||| Stepping ~*~*~tactically~*~*~ (stealth).
  5497 | D:8      | 5497 ||| FLEEEEING.
  5503 | D:8      | 5503 ||| Stepping ~*~*~tactically~*~*~ (outnumbered).
  5595 | D:8      | 5595 ||| Stepping ~*~*~tactically~*~*~ (stealth).
  5597 | D:8      | 5597 ||| Stepping ~*~*~tactically~*~*~ (stealth).
  5599 | D:8      | Reached skill level 12 in Unarmed Combat
  5649 | D:8      | 5649 ||| Stepping ~*~*~tactically~*~*~ (stealth).
  5651 | D:8      | 5651 ||| Stepping ~*~*~tactically~*~*~ (stealth).
  5656 | D:8      | 5656 ||| INVOKING Fiery Armour.
  6187 | D:8      | Found a burning altar of Makhleb.
  6187 | D:8      | Found a radiant altar of Vehumet.
  6261 | D:8      | Found a blossoming altar of Fedhas.
  6275 | D:8      | 6275 ||| DROPPING amulet of magic regeneration.
  6276 | D:8      | 6276 ||| UPGRADING to ring of see invisible.
  6277 | D:8      | 6277 ||| READING scroll labelled DERIPI EPTUHEO.
  6453 | D:9      | 6453 ||| INVOKING Fiery Armour.
  6461 | D:9      | Reached XP level 10. HP: 58/96 MP: 5/10
  6465 | D:9      | 6465 ||| Stepping ~*~*~tactically~*~*~ (outnumbered).
  6467 | D:9      | 6467 ||| Stepping ~*~*~tactically~*~*~ (outnumbered).
  6468 | D:9      | 6468 ||| Stepping ~*~*~tactically~*~*~ (outnumbered).
  6469 | D:9      | 6469 ||| Stepping ~*~*~tactically~*~*~ (outnumbered).
  6469 | D:9      | HP: 24/96 [yak (5)]
  6470 | D:9      | 6470 ||| READING 4 scrolls of teleportation.
  6470 | D:9      | HP: 10/96 [yak (3)]
  6471 | D:9      | 6471 ||| DRINKING potion of heal wounds.
  6472 | D:9      | 6472 ||| Stepping ~*~*~tactically~*~*~ (outnumbered).
  6473 | D:9      | 6473 ||| Stepping ~*~*~tactically~*~*~ (outnumbered).
  6474 | D:9      | 6474 ||| Stepping ~*~*~tactically~*~*~ (outnumbered).
  6475 | D:9      | 6475 ||| READING 3 scrolls of teleportation.
  6475 | D:9      | HP: 12/96 [yak (6)]
  6475 | D:9      | HP: 4/96 [orc warrior/+0 dire flail (8)]
  6476 | D:9      | 6476 ||| Stepping ~*~*~tactically~*~*~ (outnumbered).
  6477 | D:9      | 6477 ||| Stepping ~*~*~tactically~*~*~ (outnumbered).
  6477 | D:9      | Shot with an arrow by a centaur

Levels and vault maps discovered:
D:1:      dpeg_arrival_connections, layout_basic, ebering_ecumenical_altar_mist
D:2:      layout_basic, basic_altar, grunt_ministairs_6, skrybe_limestone_x
D:3:      layout_basic, minmay_misc_feat_secret_circle, uniq_grinder
D:4:      layout_basic
D:5:      layout_cave_pools, minmay_temple_entry_junction, uniq_blork_the_orc,
          uniq_pikel
D:6:      minmay_angry_zag, layout_basic, nicolae_overflow_hidden_temple,
          kennysheep_orc_sif_temple, portal_sewer_entry_d
D:7:      layout_loops_cross
D:8:      nicolae_cairo_tiling_large_dashed, layout_basic, fedhas_altar_2,
          grunt_temple_overflow_lords_of_destruction
D:9:      layout_basic, david_lair_shrubbed, erik_orc_4,
          gammafunk_ghost_wrathful_warriors, uniq_maggie

Skill      XL: |  1  2  3  4  5  6  7  8  9 |
---------------+----------------------------+-----
Unarmed Combat | 4 5 7 9 10 12 | 12.5
Throwing       | 1 2 |  2.0
Fighting       | 3 4 5 |  5.1
Dodging        | 4 |  4.1
Spellcasting   | |  1.0
Fire Magic     | |  2.1

Action                   |  1- 3 |  4- 6 |  7- 9 | 10-12 || total
-------------------------+-------+-------+-------+-------++-------
Melee: Unarmed           |    75 |    62 |   157 |     5 ||   299
       Punch             |       |     1 |     6 |       ||     7
Throw: Boomerang         |       |    11 |    75 |       ||    86
Invok: Fiery Armour      |       |     3 |     5 |       ||     8
  Use: Scroll            |     4 |     7 |    10 |     2 ||    23
       Potion            |     1 |     1 |     4 |     1 ||     7
Armor: Robe              |    30 |    21 |    41 |    12 ||   104
Dodge: Dodged            |    42 |    38 |    52 |    14 ||   146

Table legend:
 A = Non-vault XP
 B = Vault XP
 C = Vault XP percentage of total XP
 D = Non-vault monster count
 E = Vault monster count
 F = Vault count percentage of total count
                 A         B        C        D         E       F
            +---------+---------+-------+---------+---------+-------
      Total |    4300 |    1561 |  26.6 |     152 |      17 |  10.1
            +---------+---------+-------+---------+---------+-------
        D:1 |      48 |       0 |   0.0 |      24 |       0 |   0.0
        D:2 |     127 |      13 |   9.3 |      22 |       1 |   4.3
        D:3 |     180 |     277 |  60.6 |      19 |       1 |   5.0
        D:4 |     209 |       0 |   0.0 |      14 |       0 |   0.0
        D:5 |     414 |     742 |  64.2 |      19 |       2 |   9.5
        D:6 |     478 |     362 |  43.1 |      15 |       9 |  37.5
        D:7 |     896 |       0 |   0.0 |      14 |       0 |   0.0
        D:8 |    1468 |      48 |   3.2 |      19 |       1 |   5.0
        D:9 |     480 |     119 |  19.9 |       6 |       3 |  33.3
            +---------+---------+-------+---------+---------+-------
